BSA
NEVADA NOISE @ BAFFIN ISLAND BEAVERS
04/27/2027
 
TOP OF THE 1ST
Los Cabos Cartel batting - Pitching for Baffin Island Beavers : RHP Robert Reeves
Pitching: RHP Robert Reeves
Batting: LHB Stanley Mullins 0-0: SINGLE (Groundball, 34D)
Batting: LHB Doyle Otterburn 0-0: Ball
1-0: Swinging Strike
1-1: Called Strike
1-2: 2-RUN HOME RUN (Flyball, 9LD), Distance : 381 ft
Batting: SHB Julián Madrid 0-0: Fly out, F8 (Flyball, 8LD)
Batting: RHB Edward Young 0-0: Fly out, F2 (Popup, 15)
Batting: LHB Willie Wallace 0-0: Foul Ball, location: 2F
0-1: Foul Ball, location: 2F
0-2: Strikes out swinging
Top of the 1st over - 2 run(s), 2 hit(s), 0 error(s), 0 left on base; Los Cabos 2 - Baffin Island 0
BOTTOM OF THE 1ST
Baffin Island Beavers batting - Pitching for Los Cabos Cartel : RHP Erwin Entwistle
Pitching: RHP Erwin Entwistle
Batting: LHB Chris Bates 0-0: Ball
1-0: SOLO HOME RUN (Flyball, 9D), Distance : 420 ft
Batting: SHB Alonso Ferreira 0-0: Ball
1-0: Foul Ball, location: 2F
1-1: DOUBLE (Line Drive, 9LM)
Batting: RHB Tony Morton 0-0: Fly out, F6 (Popup, 6)
Batting: LHB Lorenzo Villa 0-0: Fly out, F4 (Line Drive, 4)
Batting: RHB Dave Craig 0-0: SINGLE (Groundball, 3D)
Alonso Ferreira to third
Runner from 3rd tries for Home, SAFE, throw made home
Dave Craig to second
Batting: LHB Norberto Muńóz 0-0: Ball
1-0: Foul Ball, location: 2F
1-1: Swinging Strike
1-2: Foul Ball, location: 2F
1-2: Ball
2-2: Foul Ball, location: 2F
2-2: Ball
3-2: Foul Ball, location: 2F
3-2: Foul Ball, location: 2F
3-2: Foul Ball, location: 2F
3-2: Ground out 4-3 (Groundball, 4)
Bottom of the 1st over - 2 run(s), 3 hit(s), 0 error(s), 1 left on base; Los Cabos 2 - Baffin Island 2
TOP OF THE 2ND
Los Cabos Cartel batting - Pitching for Baffin Island Beavers : RHP Robert Reeves
Batting: RHB Stephen Wilson 0-0: Ball
1-0: Foul Ball, location: 2F
1-1: Foul Ball, location: 2F
1-2: Ball
2-2: Fly out, F7 (Flyball, 7D)
Batting: LHB Luis González 0-0: Ball
1-0: Ball
2-0: Called Strike
2-1: Foul Ball, location: 2F
2-2: Ball
3-2: Strikes out swinging
Batting: RHB Wilbert Rodgers 0-0: Ball
1-0: Ball
2-0: Foul Ball, location: 2F
2-1: Ball
3-1: Fly out, F7 (Flyball, 78D)
Top of the 2nd over - 0 run(s), 0 hit(s), 0 error(s), 0 left on base; Los Cabos 2 - Baffin Island 2
BOTTOM OF THE 2ND
Baffin Island Beavers batting - Pitching for Los Cabos Cartel : RHP Erwin Entwistle
Batting: LHB Keng-chi Lao 0-0: Ball
1-0: Foul Ball, location: 2F
1-1: Ball
2-1: Swinging Strike
2-2: Fly out, F9 (Line Drive, 9)
Batting: RHB Raúl Soto 0-0: Called Strike
0-1: Called Strike
0-2: Foul Ball, location: 2F
0-2: Ball
1-2: Foul Ball, location: 2F
1-2: Foul Ball, location: 2F
1-2: Foul Ball, location: 2F
1-2: Fly out, F9 (Flyball, 9LS)
Batting: LHB Mike MacFadden 0-0: Ball
1-0: Ball
2-0: Called Strike
2-1: Swinging Strike
2-2: Ground out 6-3 (Groundball, 6M)
Bottom of the 2nd over - 0 run(s), 0 hit(s), 0 error(s), 0 left on base; Los Cabos 2 - Baffin Island 2
TOP OF THE 3RD
Los Cabos Cartel batting - Pitching for Baffin Island Beavers : RHP Robert Reeves
Batting: RHB Fernando Martínez 0-0: Swinging Strike
0-1: Foul Ball, location: 2F
0-2: Ball
1-2: Fly out, F4 (Popup, 3D)
Batting: LHB Stanley Mullins 0-0: Called Strike
0-1: Ball
1-1: Called Strike
1-2: Ball
2-2: Strikes out looking
Batting: LHB Doyle Otterburn 0-0: Ball
1-0: Foul Ball, location: 2F
1-1: Ball
2-1: Foul Ball, location: 2F
2-2: Ground out 4-3 (Groundball, 4)
Top of the 3rd over - 0 run(s), 0 hit(s), 0 error(s), 0 left on base; Los Cabos 2 - Baffin Island 2
BOTTOM OF THE 3RD
Baffin Island Beavers batting - Pitching for Los Cabos Cartel : RHP Erwin Entwistle
Batting: LHB Chris Bates 0-0: Fly out, F9 (Flyball, 9)
Batting: SHB Alonso Ferreira 0-0: Ground out 4-3 (Groundball, 34)
Batting: RHB Tony Morton 0-0: Called Strike
0-1: Ball
1-1: DOUBLE (Line Drive, 7LD)
Batting: LHB Lorenzo Villa 0-0: Called Strike
0-1: Ball
1-1: Fly out, F2 (Popup, 3S)
Bottom of the 3rd over - 0 run(s), 1 hit(s), 0 error(s), 1 left on base; Los Cabos 2 - Baffin Island 2
TOP OF THE 4TH
Los Cabos Cartel batting - Pitching for Baffin Island Beavers : RHP Robert Reeves
Batting: SHB Julián Madrid 0-0: Called Strike
0-1: Ball
1-1: Ground out 2-3 (Groundball, 2L)
Batting: RHB Edward Young 0-0: Ball
1-0: Ball
2-0: Ball
3-0: Called Strike
3-1: Fly out, F9 (Flyball, 9D)
Batting: LHB Willie Wallace 0-0: Swinging Strike
0-1: Foul Ball, location: 2F
0-2: Ground out U3 (Groundball, 3S)
Top of the 4th over - 0 run(s), 0 hit(s), 0 error(s), 0 left on base; Los Cabos 2 - Baffin Island 2
BOTTOM OF THE 4TH
Baffin Island Beavers batting - Pitching for Los Cabos Cartel : RHP Erwin Entwistle
Batting: RHB Dave Craig 0-0: Swinging Strike
0-1: Ball
1-1: Foul Ball, location: 2F
1-2: Ground out 1-3 (Groundball, 15S)
Batting: LHB Norberto Muńóz 0-0: Called Strike
0-1: Ball
1-1: Bunted foul
1-2: Ball
2-2: Ball
3-2: Fly out, F8 (Line Drive, 78M)
Batting: LHB Keng-chi Lao 0-0: Ball
1-0: Swinging Strike
1-1: Ground out U3 (Groundball, 34)
Bottom of the 4th over - 0 run(s), 0 hit(s), 0 error(s), 0 left on base; Los Cabos 2 - Baffin Island 2
TOP OF THE 5TH
Los Cabos Cartel batting - Pitching for Baffin Island Beavers : RHP Robert Reeves
Batting: RHB Stephen Wilson 0-0: Ball
1-0: Foul Ball, location: 2F
1-1: Called Strike
1-2: Fly out, F8 (Flyball, 89M)
Batting: LHB Luis González 0-0: Called Strike
0-1: Ball
1-1: Foul Ball, location: 2F
1-2: SINGLE (Groundball, 4MD)
Batting: RHB Wilbert Rodgers 0-0: Ball
1-0: Called Strike
1-1: Ball
2-1: Foul Ball, location: 2F
2-2: Foul Ball, location: 2F
2-2: Foul Ball, location: 2F
2-2: Ball
3-2: Strikes out swinging
Batting: RHB Fernando Martínez 0-0: Ball
1-0: Fly out, F4 (Line Drive, 4M)
Top of the 5th over - 0 run(s), 1 hit(s), 0 error(s), 1 left on base; Los Cabos 2 - Baffin Island 2
BOTTOM OF THE 5TH
Baffin Island Beavers batting - Pitching for Los Cabos Cartel : RHP Erwin Entwistle
Batting: RHB Raúl Soto 0-0: Fly out, F8 (Flyball, 8RM)
Batting: LHB Mike MacFadden 0-0: Foul Ball, location: 2F
0-1: Ball
1-1: Called Strike
1-2: Strikes out looking
Batting: LHB Chris Bates 0-0: Ball
1-0: Ball
2-0: Ball
3-0: Fly out, F8 (Flyball, 78S)
Bottom of the 5th over - 0 run(s), 0 hit(s), 0 error(s), 0 left on base; Los Cabos 2 - Baffin Island 2
TOP OF THE 6TH
Los Cabos Cartel batting - Pitching for Baffin Island Beavers : RHP Robert Reeves
Batting: LHB Stanley Mullins 0-0: SINGLE (Line Drive, 34)
Batting: LHB Doyle Otterburn 0-0: Fly out, F4 (Flyball, 34D)
Batting: SHB Julián Madrid 0-0: Ball
1-0: Called Strike
1-1: Ball
2-1: Ground out 6-3 (Groundball, 6S)
Stanley Mullins to second
Batting: RHB Edward Young 0-0: Ground out 1-3 (Groundball, P)
Top of the 6th over - 0 run(s), 1 hit(s), 0 error(s), 1 left on base; Los Cabos 2 - Baffin Island 2
BOTTOM OF THE 6TH
Baffin Island Beavers batting - Pitching for Los Cabos Cartel : RHP Erwin Entwistle
Batting: SHB Alonso Ferreira 0-0: Ground out 4-3 (Groundball, 4)
Batting: RHB Tony Morton 0-0: Foul Ball, location: 2F
0-1: Swinging Strike
0-2: Ball
1-2: Foul Ball, location: 2F
1-2: Ground out 5-3 (Groundball, 56)
Batting: LHB Lorenzo Villa 0-0: Foul Ball, location: 2F
0-1: Ball
1-1: Ball
2-1: SINGLE (Popup, 4S)
Batting: RHB Dave Craig 0-0: Ball
1-0: Ball
2-0: Swinging Strike
2-1: Foul Ball, location: 2F
2-2: Strikes out looking
Bottom of the 6th over - 0 run(s), 1 hit(s), 0 error(s), 1 left on base; Los Cabos 2 - Baffin Island 2
TOP OF THE 7TH
Los Cabos Cartel batting - Pitching for Baffin Island Beavers : RHP Robert Reeves
Batting: LHB Willie Wallace 0-0: Ball
1-0: Ball
2-0: Called Strike
2-1: Ball
3-1: Foul Ball, location: 2F
3-2: Base on Balls
Batting: RHB Stephen Wilson 0-0: Foul Ball, location: 2F
0-1: Called Strike
0-2: Ball
1-2: Fly out, F3 (Popup, 3S)
Batting: LHB Luis González 0-0: Ball
1-0: Ball
2-0: Foul Ball, location: 2F
2-1: Swinging Strike
2-2: Grounds into double play, 4-6-3 (Groundball, 4)
Top of the 7th over - 0 run(s), 0 hit(s), 0 error(s), 0 left on base; Los Cabos 2 - Baffin Island 2
BOTTOM OF THE 7TH
Baffin Island Beavers batting - Pitching for Los Cabos Cartel : RHP Erwin Entwistle
Batting: LHB Norberto Muńóz 0-0: Foul Ball, location: 2F
0-1: Swinging Strike
0-2: Ball
1-2: Foul Ball, location: 2F
1-2: Ball
2-2: Ground out 6-3 (Groundball, 56)
Batting: LHB Keng-chi Lao 0-0: Called Strike
0-1: Ground out 4-3 (Groundball, 4)
Batting: RHB Raúl Soto 0-0: Called Strike
0-1: Ball
1-1: Ball
2-1: Fly out, F3 (Popup, 3L)
Bottom of the 7th over - 0 run(s), 0 hit(s), 0 error(s), 0 left on base; Los Cabos 2 - Baffin Island 2
TOP OF THE 8TH
Los Cabos Cartel batting - Pitching for Baffin Island Beavers : RHP Robert Reeves
Batting: RHB Wilbert Rodgers 0-0: Called Strike
0-1: Called Strike
0-2: Ball
1-2: Strikes out looking
Pinch Hitting: SHB Javier Villegas 0-0: Ball
1-0: Called Strike
1-1: Foul Ball, location: 2F
1-2: Ball
2-2: Strikes out looking
Batting: LHB Stanley Mullins 0-0: Ball
1-0: Ball
2-0: Called Strike
2-1: Foul Ball, location: 2F
2-2: Ball
3-2: Foul Ball, location: 2F
3-2: Ground out 6-3 (Groundball, 6M)
Top of the 8th over - 0 run(s), 0 hit(s), 0 error(s), 0 left on base; Los Cabos 2 - Baffin Island 2
BOTTOM OF THE 8TH
Baffin Island Beavers batting - Pitching for Los Cabos Cartel : RHP Erwin Entwistle
Pitching: LHP Santiago González
Now in CF: Max Jones
Batting: LHB Mike MacFadden 0-0: Foul Ball, location: 2F
0-1: Ball
1-1: Foul Ball, location: 2F
1-2: Ball
2-2: Strikes out swinging
Batting: LHB Chris Bates 0-0: Swinging Strike
0-1: Foul Ball, location: 2F
0-2: Ball
1-2: Ball
2-2: Foul Ball, location: 2F
2-2: Ball
3-2: Foul Ball, location: 2F
3-2: SINGLE (Groundball, 4MD)
Batting: SHB Alonso Ferreira 0-0: Ball
1-0: Foul Ball, location: 2F
1-1: Foul Ball, location: 2F
1-2: SINGLE (Line Drive, 4D)
Chris Bates to second
Runner from 2nd tries for 3rd, SAFE, no throw
Batting: RHB Tony Morton 0-0: Swinging Strike
0-1: Ground out 5-3 (Groundball, 56S)
Alonso Ferreira to second
Batting: LHB Lorenzo Villa 0-0: Ball
Passed Ball!
Chris Bates scores
Alonso Ferreira to third
1-0: Ground out 4-3 (Groundball, 4)
Bottom of the 8th over - 1 run(s), 2 hit(s), 0 error(s), 1 left on base; Los Cabos 2 - Baffin Island 3
TOP OF THE 9TH
Los Cabos Cartel batting - Pitching for Baffin Island Beavers : RHP Robert Reeves
Pitching: LHP Edgardo Guzmán
Pinch Hitting: RHB Jesús Hernández 0-0: Ball
1-0: Ball
2-0: Called Strike
2-1: Ball
3-1: Base on Balls
Batting: SHB Julián Madrid 0-0: Swinging Strike
0-1: Swinging Strike
0-2: Ball
1-2: Strikes out swinging
Batting: RHB Edward Young 0-0: Ball
1-0: Foul Ball, location: 2F
1-1: Ball
2-1: Fly out, F7 (Flyball, 7S)
Batting: LHB Willie Wallace 0-0: Ball
1-0: SINGLE (Flyball, 7S)
Jesús Hernández to second
Pinch Runner at 2nd José Hernández:
Batting: RHB Stephen Wilson 0-0: Ball
1-0: Called Strike
1-1: Ball
2-1: Foul Ball, location: 2F
2-2: Strikes out swinging
Top of the 9th over - 0 run(s), 1 hit(s), 0 error(s), 2 left on base; Los Cabos 2 - Baffin Island 3
Thursday, March 30th, 2017 - OOTP Baseball 17.12 Build 75